 Dungeon Crawl Stone Soup version 0.31-a0-1227-g0136665373 (webtiles) character file.

Game seed: 3568457318664328453

261 Daunt the Ruffian (level 5, 0/38 (41) HPs)
             Began as a Draconian Reaver on Dec 14, 2023.
             Was a Follower of Uskayaw.
             Killed by divine providence
             ... invoked by an orc priest
              (14 damage)
             ... on level 5 of the Dungeon.
             The game lasted 00:18:06 (4261 turns).

Daunt the Ruffian (Draconian Reaver)                Turns: 4261, Time: 00:18:07

HP:   0/38 (41)     AC:  5    Str: 14    XL:     5   Next: 96%
MP:   9/9           EV: 27    Int: 13    God:    Uskayaw [*.....]
Gold: 253           SH:  0    Dex: 12    Spells: 7/10 levels left

rFire   . .          .
                       - Unarmed
rCold   . . .        (no shield)
rNeg    . . .        (body armour unavailable)
rPois   .            (helmet restricted)
rElec   .            (no cloak)
rCorr   .            (no gloves)
SInv    .            (no boots)
Will    .....        r - amulet of the acrobat
Stlth   +            (no ring)
HPRegen 0.26/turn    (no ring)
MPRegen 0.11/turn

%: acrobat
@: brilliant, acrobatic, drained
A: AC +5, unfitting armour, cold-blooded
a: Renounce Religion, Stomp


You were on level 5 of the Dungeon.
You worshipped Uskayaw.
Uskayaw was noncommittal.
You visited 1 branch of the dungeon, and saw 5 of its levels.

You collected 253 gold pieces.

Inventory:

Hand Weapons
 d - a +1 dagger of speed
 t - a +2 sling of freezing
Missiles
 a - 11 poisoned darts
 b - 37 stones
 p - a throwing net
 u - 4 curare-tipped darts
Jewellery
 r - an amulet of the acrobat (around neck)
Talismans
 o - a blade talisman
Wands
 s - a wand of polymorph (11)
Scrolls
 c - a scroll of brand weapon {unknown}
 e - a scroll of immolation {unknown}
 f - a scroll of noise
 g - a scroll of torment {unknown}
 i - a scroll of teleportation {unknown}
 k - a scroll of enchant armour {unknown}
 m - a scroll of revelation {unknown}
Potions
 h - a potion of mutation
 j - a potion of magic
 l - 2 potions of brilliance
 q - a potion of enlightenment {unknown}


   Skills:
 - Level 2.1 Fighting
 - Level 1.7 Dodging
 + Level 4.5 Unarmed Combat
 - Level 3.0 Spellcasting
 - Level 4.0 Conjurations
 - Level 2.0 Necromancy
 - Level 2.0 Translocations


You had 7 spell levels left.
You knew the following spells:

 Your Spells              Type           Power      Damage    Failure   Level
k - Kiss of Death         Conj/Necr      56%        2d9       7%          1
m - Momentum Strike       Conj/Tloc      28%        3d8       10%         2

Your spell library contained the following spells:

 Spells                   Type           Power      Damage    Failure   Level
 Cigotuvi's Dreadful Rot  Necr/Pois/Air  10%        N/A       26%         2
 Hailstorm                Conj/Ice       10%        3d6       30%         3
 Ignite Poison            Fire/Tmut/Pois 2%         N/A       56%         3
 Olgreb's Toxic Radiance  Pois           2%         N/A       92%         4
 Freezing Cloud           Conj/Ice/Air   4%         6-21      98%         5
 Discord                  Hex            1%         N/A       100%        8
 Ignition                 Fire           1%         3d3       100%        8


Dungeon Overview and Level Annotations

Branches:
Dungeon (5/15) Zot: 25752  Temple (0/1) D:4

Altars:
Cheibriados
Fedhas
Qazlal
Ru
Uskayaw

Shops:
D:4 :

Annotations:
D:4 exclusion: ogre


Innate Abilities, Weirdness & Mutations

Your plain brown scales are hard. (AC +5)
You cannot fit into any form of body armour.
You are cold-blooded and may be slowed by cold attacks.


Message History

The phantom attacks as it pursues you! The phantom hits you.
The phantom blinks!
You blink.
An orc comes into view. It is wielding a +0 short sword.
Unknown command.
The orc shouts!
An orc comes into view. It is wielding a +0 mace.
The gnoll closely misses you.
The orc shouts!
The ufetubus attacks as it pursues you! The ufetubus hits you.
The ufetubus completely misses you. The ufetubus attacks as it pursues you!
The ufetubus completely misses you. The ufetubus barely misses you.
The adder attacks as it pursues you! The adder completely misses you.
The ufetubus barely misses you. The ufetubus completely misses you.
The adder attacks as it pursues you! The adder barely misses you.
The ufetubus attacks as it pursues you! The ufetubus completely misses you.
The ufetubus misses you. The adder closely misses you.
The gnoll attacks as it pursues you! The gnoll completely misses you.
The ufetubus completely misses you. x2; The adder attacks as it pursues you!
The adder completely misses you. The adder misses you.
The adder completely misses you. The adder attacks as it pursues you!
The adder misses you. The ufetubus completely misses you.
The ufetubus closely misses you.
A sleepcap comes into view.
The adder attacks as it pursues you! The adder completely misses you.
The orc priest looks encouraged for a moment.
The adder barely misses you.
A hound comes into view.
The orc priest looks braver for a moment.
The ufetubus closely misses you. The ufetubus misses you.
The ufetubus attacks as it pursues you! The ufetubus completely misses you.
The ufetubus closely misses you.
The orc priest looks satisfied for a moment.
The adder attacks as it pursues you! The adder completely misses you.
The ufetubus misses you. The ufetubus closely misses you. The adder bites you.
The adder attacks as it pursues you! The adder completely misses you.
The ufetubus attacks as it pursues you! The ufetubus completely misses you. x2
The orc priest mumbles some strange prayers to Beogh against you.
Beogh smites you!
You die...

.#o.##....#
##..##..oo##### #..#
#.....#..#
...####...o.S.##
...............# ########
....!####.Wg.#####..##..##
#?... #.f...##.........#
###.##....##.5...........#
#.#..>.####S@..........##
#....##....###........#
#...##.....#........###
....####............##
#.?###.........#....## #..
#................#
...............###
..............##
............###


You could see a phantom, a sleepcap (wandering), an orc priest, a gnoll, 2
adders, an ufetubus and an orc.

Vanquished Creatures
  A howler monkey (D:4)
  An orc wizard (D:4)
  Natasha (D:2)
  9 adders
  An ufetubus (D:5)
  2 worms
  3 orcs (D:4)
  2 bats
  7 endoplasms
  4 giant cockroaches
  7 goblins
  9 hobgoblins
  8 kobolds
  5 quokkas
  6 ball pythons
  7 frilled lizards
  6 rats
79 creatures vanquished.

Notes
Turn   | Place    | Note
-------+----------+-------------------------------------------
     0 | D:1      | Daunt the Draconian Reaver began the quest for the Orb.
     0 | D:1      | Reached XP level 1. HP: 17/17 MP: 3/3
   197 | D:1      | Reached skill level 1 in Necromancy
   301 | D:1      | Reached XP level 2. HP: 22/22 MP: 5/5
   304 | D:1      | Learned a level 2 spell: Momentum Strike
  1106 | D:2      | Reached XP level 3. HP: 25/26 MP: 3/6
  1495 | D:2      | Found a hide-covered altar of Uskayaw.
  1503 | D:2      | Became a worshipper of Uskayaw the Reveller
  1524 | D:2      | Reached * piety under Uskayaw
  1525 | D:2      | Reached XP level 4. HP: 20/32 MP: 1/8
  1610 | D:2      | Found a faded altar of an unknown god.
  1713 | D:2      | Reached ** piety under Uskayaw
  1800 | D:2      | Noticed Natasha
  1816 | D:2      | Killed Natasha
  2178 | D:3      | Found a blossoming altar of Fedhas.
  2207 | D:3      | Found a stormy altar of Qazlal.
  2300 | D:3      | Reached XP level 5. HP: 41/41 MP: 9/9
  2992 | D:4      | Reached skill level 1 in Translocations
  3043 | D:4      | Noticed an ogre
  3117 | D:4      | Found a snail-covered altar of Cheibriados.
  3126 | D:4      | Found Hacsaum's Vocational Training.
  3442 | D:4      | Found a staircase to the Ecumenical Temple.
  3911 | D:4      | Found a sacrificial altar of Ru.
  4108 | D:5      | Entered Level 5 of the Dungeon
  4108 | D:5      | Noticed a phantom
  4261 | D:5      | Killed from afar by an orc priest

Illustrated notes

Levels and vault maps discovered:
D:1:      onia_arrival_mini_maze_b, layout_loops_cross
D:2:      layout_loops_cross, shapermc_ecumenical_altar_notcrosses, basic_altar,
          uniq_natasha
D:3:      layout_basic, grunt_temple_overflow_forces_of_nature
D:4:      layout_loops_corners, mainiacjoe_overflow_alcove_2,
          kennysheep_little_box, minmay_temple_entry_overgrown,
          nicolae_shop_vocational
D:5:      layout_cave_pools, mainiacjoe_overflow_catwalk, uniq_prince_ribbit1,
          uniq_ijyb

Skill      XL: |  1  2  3  4  5 |
---------------+----------------+-----
Necromancy     | 1 2 |  2.0
Spellcasting   | 3 |  3.0
Unarmed Combat | 4 |  4.5
Translocations | 2 |  2.0
Conjurations   | 4 |  4.0
Fighting       | |  2.1
Dodging        | |  1.7

Action                     |  1- 3 |  4- 6 || total
---------------------------+-------+-------++-------
  Melee: Unarmed           |   144 |   182 ||   326
         Tailslap          |    13 |    20 ||    33
         Punch             |       |     3 ||     3
  Throw: Stone             |     1 |       ||     1
         Dart              |     2 |     1 ||     3
   Cast: Kiss of Death     |     3 |     1 ||     4
         Momentum Strike   |     4 |     7 ||    11
    Use: Scroll            |       |     4 ||     4
         Potion            |       |     2 ||     2
   Stab: Sleeping          |       |     1 ||     1
 Armour: Skin              |    70 |   113 ||   183
  Dodge: Dodged            |    72 |   167 ||   239

Table legend: (Time is in decaauts)
 A = Elapsed time spent in this place.
 B = Non-inter-level travel time spent in this place.
 C = Inter-level travel time spent in this place.
 D = Time resting spent in this place.
 E = Time spent auto-exploring this place.
 F = Levels seen in this place.
 G = Mean time per level.
                   A        B        C        D        E       F      G
               +--------+--------+--------+--------+--------+-----+--------+
         Total |   4246 |   4021 |    225 |    647 |   2644 |   5 |  849.2 |
       Dungeon |   4246 |   4021 |    225 |    647 |   2644 |   5 |  849.2 |
               +--------+--------+--------+--------+--------+-----+--------+

Top non-repeatable levels by time:
     D:4: 1172 daAuts
     D:2: 1114 daAuts
     D:1: 969 daAuts
     D:3: 885 daAuts
     D:5: 104 daAuts
